 Dungeon Crawl Stone Soup version 0.29.0-11-gd7f09526c8 (webtiles) character file.

Game seed: 4361954941789732933

12 styxcanada the Sneak (level 2, 0/15 HPs)
             Began as a Spriggan Brigand on Sept 5, 2022.
             Slain by a jackal (3 damage)
             ... on level 1 of the Dungeon.
             The game lasted 00:01:22 (390 turns).

styxcanada the Sneak (Spriggan Brigand)              Turns: 390, Time: 00:01:22

Health: 0/15       AC:  3    Str:  7    XL:     2   Next: 20%
Magic:  3/3        EV: 16    Int: 12    God:
Gold:   16         SH:  0    Dex: 16    Spells: 1/1 levels left

rFire   . . .      SeeInvis +   a - +2 dagger
rCold   . . .      Faith    .   (no shield)
rNeg    . . .      Spirit   .   b - +0 robe
rPois   .          Reflect  .   (helmet restricted)
rElec   .          Harm     .   c - +0 cloak
rCorr   .          Rampage  .   (gloves unavailable)
Will    .....                   (boots unavailable)
Stlth   +++.......              (no amulet)
HPRegen 0.05/turn               (no ring)
MPRegen 0.08/turn               (no ring)

@: very quick
A: very small, no large weapons, unfitting armour, see invisible, speed 3
a: no special abilities


You were on level 1 of the Dungeon.
You visited 1 branch of the dungeon, and saw 1 of its levels.

You collected 16 gold pieces.

Inventory:

Hand Weapons
 a - a +2 dagger (weapon)
Missiles
 d - 9 poisoned darts (quivered)
 e - 3 curare-tipped darts
 g - 7 stones
Armour
 b - a +0 robe (worn)
 c - a +0 cloak (worn)
Jewellery
 i - a ring of magical power
Scrolls
 f - 2 scrolls of magic mapping {unknown}
Potions
 h - 2 potions of heal wounds {unknown}


   Skills:
 * Level 1.6 Fighting
 + Level 2.5 Short Blades
 + Level 2.0 Throwing
 * Level 1.4 Dodging
 * Level 6.4 Stealth


You had one spell level left.
You didn't know any spells.
Your spell library was empty.

Dungeon Overview and Level Annotations

Branches:
Dungeon (1/15)

Altars:


Innate Abilities, Weirdness & Mutations

You are very small and have problems with some larger weapons.
You are too small for most types of armour.
You have supernaturally acute eyesight. (SInv)
You cover ground extremely quickly. (Speed+++)


Message History

You impale the goblin!!
You kill the goblin!
A goblin comes into view. It is wielding a +0 dagger.
Found 6 gold pieces.
The quokka barely misses you.
You miss the quokka. The quokka barely misses you.
You hit the quokka.
The quokka is severely wounded.
The goblin shouts!
You hear a bark!
The quokka closely misses you.
You closely miss the quokka.
The quokka is severely wounded.
The quokka bites you.
A jackal comes into view.
You barely miss the quokka.
The quokka is severely wounded.
The quokka misses you.
You barely miss the quokka.
The quokka is severely wounded.
The quokka bites you.
You hit the quokka.
You kill the quokka!
You closely miss the goblin. The goblin closely misses you.
You miss the goblin. The goblin hits you with a +0 dagger.
You hit the goblin.
You kill the goblin!
The jackal barely misses you.
The jackal bites you but does no damage.
You hit the jackal.
The jackal is lightly wounded.
A jackal comes into view.
The jackal misses you.
You hit the jackal. You punch the jackal, but do no damage.
The jackal is moderately wounded.
The rat twitches its whiskers.
The jackal bites you.
* * * LOW HITPOINT WARNING * * *
You hit the jackal.
The jackal is severely wounded.
The jackal bites you.
You die...

._^.......###...#
^...............#
..........)##.#.# #
.#...#.###.##)#.##
.# .#...#.#
#.##....##.##
.#...#.#
#.##.#..#r..#
.#...#.#
#.##........#
.#...#.#
#...).h)#...#
.......# ####.##@#
.## ##..####
#.##.†....#
.......#
#.#####.#$#
##..##.## #.##### #
#.......#####.....r
##.###.......##
#......#####.#
###.#### #.# # #
#.#


You could see a jackal and a rat.

Vanquished Creatures
  2 bats (D:1)
  3 goblins (D:1)
  A hobgoblin (D:1)
  A kobold (D:1)
  2 quokkas (D:1)
  A ball python (D:1)
10 creatures vanquished.

Notes
Turn   | Place    | Note
-------+----------+-------------------------------------------
     0 | D:1      | styxcanada the Spriggan Brigand began the quest for the
                  | Orb.
     0 | D:1      | Reached XP level 1. HP: 10/10 MP: 2/2
    19 | D:1      | Reached skill level 6 in Stealth
    90 | D:1      | Found a faded altar of an unknown god.
   371 | D:1      | Reached XP level 2. HP: 14/14 MP: 3/3
   390 | D:1      | Slain by a jackal

Illustrated notes

Levels and vault maps discovered:
D:1:      sevenhm_arrival_forest_fort_small_4, layout_loops_cross,
          ebering_ecumenical_altar_webs

Skill      XL: |  1 |
---------------+----+-----
Stealth        | 6 |  6.4
Fighting       | |  1.6
Short Blades   | |  2.5
Throwing       | |  2.0
Dodging        | |  1.4

Action                   || total
-------------------------++-------
Melee: Dagger            ||    31
       Punch             ||     1
Throw: Dart              ||     2
 Stab: Sleeping          ||     4
Armor: Robe              ||     6
Dodge: Dodged            ||    24
